 Dungeon Crawl Stone Soup version 0.14-a0-3315-g09e681a (webtiles) character file.

70 MackTheKnife the Magician (level 3, 0/24 HPs)
             Began as a Human Wizard on Mar 15, 2014.
             Succumbed to a giant mite's poison
             ... on Level 2 of the Dungeon.
             The game lasted 00:01:31 (739 turns).

MackTheKnife the Magician (Human Wizard)             Turns: 739, Time: 00:01:31

HP   0/24        AC  2     Str  7      XL: 3   Next:  2%
MP   8/8         EV 12     Int 19      God:
Gold 49          SH  0     Dex 11      Spells:  2 memorised,  5 levels left

rFire  . . .     SeeInvis .     j - +0 club
rCold  . . .     Clarity  .     a - +0 robe
rNeg   . . .     Conserve +     (no shield)
rPois  .         rCorr    .     b - +0 hat
rElec  .         rRot     .     (no cloak)
SustAb . .       Spirit   .     (no gloves)
rMut   .         Warding  .     (no boots)
Saprov . . .     Stasis   .     e - amulet of conservation {unknown}
MR     .....                    (no ring)
                                (no ring)

@: lethally poisoned, not resistant to hostile enchantments, fairly stealthy
A: no striking features
a: no special abilities


You were on level 2 of the Dungeon.
You were not hungry.

You visited 1 branch of the dungeon, and saw 2 of its levels.

You collected 49 gold pieces.


   Skills:
 - Level 2.0 Dodging
 - Level 2.0 Stealth
 + Level 3.4 Spellcasting
 + Level 2.0 Conjurations
 - Level 1.0 Summonings
   Level 1.0 Translocations


You had 5 spell levels left.
You knew the following spells:

 Your Spells              Type           Power        Failure   Level  Hunger
x - Call Imp              Summ           #.........   17%         2    ##.....
z - Magic Dart            Conj           ##..         10%         1    None

Inventory:

Hand weapons
 j - a +0,+0 club (weapon)
Missiles
 h - 16 stones (quivered)
Armour
 a - a +0 robe (worn)
 b - a +0 hat (worn)
Comestibles
 d - a bread ration
Scrolls
 f - a scroll of identify {unknown}
 g - a scroll of remove curse {unknown}
 i - 2 scrolls of teleportation {unknown}
 k - a scroll of amnesia {unknown}
 m - a scroll of fear {unknown}
Jewellery
 e - an amulet of conservation (around neck) {unknown}
Books
 c - a book of Minor Magic

   Spells                             Type                      Level
   *Magic Dart                        Conjuration                  1
   Blink                              Translocation                2
   *Call Imp                          Summoning                    2
   Repel Missiles                     Charms/Air                   2
   Slow                               Hexes                        2
   Conjure Flame                      Conjuration/Fire             3
   Mephitic Cloud                     Conjuration/Poison/Air       3

▒▒▒▒▒▒▒▒▒▒
▒@5·······▒
▒%········▒
▒##·······▒
▒·········▒
▒··<······▒
▒····<····▒
▒·········▒
+·········+
▒··[······▒


You could see a friendly white imp.


Message History

The giant mite dies!
Your Conjurations skill increases to level 2!
You have reached level 3!
Your experience leads to an increase in your attributes!
Increase (S)trength, (I)ntelligence, or (D)exterity?
You feel clever.
* * * LOW HITPOINT WARNING * * *
You feel sick.
The quokka twitches its whiskers.
* * * LOW HITPOINT WARNING * * *
You feel sick.
The puff of frost hits the quokka.
The quokka dies!
* * * LOW HITPOINT WARNING * * *
You feel sick.
* * * LOW HITPOINT WARNING * * *
You feel sick.
* * * LOW HITPOINT WARNING * * *
You feel sick.
Drink which item? (? for menu, Esc to quit)
Magic courses through your body.
It was a potion of magic.
There is a lethal amount of poison in your body!
There is a lethal amount of poison in your body!
There is a lethal amount of poison in your body!
* * * LOW HITPOINT WARNING * * *
You feel sick.
* * * LOW HITPOINT WARNING * * *
You feel sick.
* * * LOW HITPOINT WARNING * * *
You feel sick.
You die...

Action                   || total
-------------------------++-------
Melee: Club              ||    16
       Unarmed           ||     1
Throw: Stone             ||     2
 Cast: Magic Dart        ||    21
       Call Imp          ||     3
  Use: Potion            ||     1
 Stab: Sleeping          ||     1

Vault maps used:
D:1:      lemuel_arrival_lava_pool
D:2:      nemelex_xobeh_ov_fountains_minmay

Notes
Turn   | Place    | Note
--------------------------------------------------------------
     0 | D:1      | MackTheKnife, the Human Wizard, began the quest for the Orb.
     0 | D:1      | Reached XP level 1. HP: 13/13 MP: 4/4
   307 | D:1      | Reached XP level 2. HP: 17/19 MP: 3/6
   339 | D:1      | Learned a level 2 spell: Call Imp
   719 | D:2      | Reached skill level 2 in Conjurations
   719 | D:2      | Reached XP level 3. HP: 8/24 MP: 2/8
   732 | D:2      | HP: 2/24 [poisoned by a giant mite]
   739 | D:2      | Succumbed to a giant mite's poison

Vanquished Creatures
  2 giant geckos (D:1)
  2 ball pythons (D:1)
  4 bats (D:1)
  2 goblins (D:1)
  3 rats (D:1)
13 creatures vanquished.

Vanquished Creatures (collateral kills)
  A giant mite (D:2)
  A quokka (D:2)
  A rat (D:2)
3 creatures vanquished.

Vanquished Creatures (others)
  A shadow imp (D:1)
1 creature vanquished.

Grand Total: 17 creatures vanquished
